 Dungeon Crawl Stone Soup version 0.22-a0-608-g8a62e23 (webtiles) character file.

126 Amnesiac the Digger (level 4, -3/21 HPs)
             Began as a Spriggan Earth Elementalist on July 9, 2018.
             Slain by a slave (6 damage)
             ... led by Pikel
             ... on level 4 of the Dungeon.
             The game lasted 00:03:34 (1168 turns).

Amnesiac the Digger (Spriggan Earth Elementalist)   Turns: 1168, Time: 00:03:34

Health: -3/21      AC:  2    Str:  4    XL:     4   Next: 84%
Magic:  3/10       EV: 18    Int: 17    God:
Gold:   65         SH:  0    Dex: 16    Spells: 3/10 levels left

rFire    . . .     SeeInvis +   a - +0 dagger
rCold    . . .     Gourm    .   (shield restricted)
rNeg     . . .     Faith    .   c - +0 robe
rPois    .         Spirit   .   (helmet restricted)
rElec    .         Reflect  .   (no cloak)
rCorr    .         Harm     .   (gloves unavailable)
MR       .....                  (boots unavailable)
Stlth    ++........             (no amulet)
HPRegen  0.07/turn              (no ring)
MPRegen  0.12/turn              (no ring)

@: very quick
A: very small, unfitting armour, see invisible, herbivore, speed 3, slow
metabolism 2
a: no special abilities


You were on level 4 of the Dungeon.
You were not hungry.

You visited 1 branch of the dungeon, and saw 4 of its levels.

You collected 65 gold pieces.

Inventory:

Hand Weapons
 a - a +0 dagger (weapon)
Missiles
 b - 109 stones (quivered)
Armour
 c - a +0 robe (worn)
Scrolls
 e - 3 scrolls of remove curse {!r, unknown}
 f - a scroll of fog {!r, unknown}
 g - a scroll of amnesia {!r, unknown}
 h - 3 scrolls of identify {!r, unknown}
 i - a scroll of teleportation {!r, unknown}
Potions
 j - a potion of haste {!q, unknown}
Comestibles
 d - 3 rations


   Skills:
 - Level 1.0 Short Blades
 - Level 3.0 Dodging
 - Level 3.0 Stealth
 + Level 3.6 Spellcasting
 + Level 3.7 Transmutations
 * Level 3.8 Earth Magic


You had 3 spell levels left.
You knew the following spells:

 Your Spells              Type           Power        Failure   Level  Hunger
a - Sandblast             Erth           ###...       3%          1    None
b - Passwall              Tmut/Erth      ###.....     5%          2    ##.....
e - Petrify               Tmut/Erth      ###.....     34%         4    ####...

Your spell library contained the following spells:

 Spells                   Type           Power        Failure   Level  Hunger
 Stone Arrow              Conj/Erth      #.....       22%         3    ###....
 Lee's Rapid Deconstruct  Erth           ###.......   67%         5    ######.


Dungeon Overview and Level Annotations

Branches:
Dungeon (4/15)
 Temple: D:4-7

Altars:

Annotations:
D:3 Jessica, Terence
D:4 1 runed door, Pikel


Innate Abilities, Weirdness & Mutations

You are very small and have problems with some larger weapons.
You are too small for most types of armour.
You have supernaturally acute eyesight. (SInv)
You are a herbivore.
You cover ground extremely quickly.
You need to consume almost no food.


Message History

b - 112 stones Unknown command.
Unknown command.
Casting: Sandblast (safe; 3% risk of failure)
Confirm with . or Enter, or press ? or * to list all spells.
You can't see any susceptible monsters within range! (Use Z to cast anyway.)
You start resting.
A worker ant comes into view.
A worker ant is nearby!
A worker ant is nearby!
Things that are here:
a dagger; a robe; an orc corpse
Casting: Sandblast (safe; 3% risk of failure)
Confirm with . or Enter, or press ? or * to list all spells.
You can't see any susceptible monsters within range! (Use Z to cast anyway.)
You start resting.
The worker ant is too close now for your liking.
Casting: Sandblast (safe; 3% risk of failure)
Confirm with . or Enter, or press ? or * to list all spells.
Aiming: Sandblast (safe; 3% risk of failure)
Press: ? - help, Shift-Dir - straight line, f - worker ant
Aim: a worker ant (hasn't noticed you)
The blast of sand hits the worker ant.
The worker ant twitches its antennae in your direction.
b - 111 stones
There is a stone staircase leading up here.
Things that are here:
a dagger; a robe; an orc corpse You see here a chain mail.
Casting: Sandblast (safe; 3% risk of failure)
Confirm with . or Enter, or press ? or * to list all spells.
Aiming: Sandblast (safe; 3% risk of failure)
Press: ? - help, Shift-Dir - straight line, f/p - worker ant
Aim: a worker ant The blast of sand hits the worker ant.
The worker ant is lightly wounded.
b - 110 stones You see here a hand axe.
A slave, Pikel and a skeleton come into view.
Pikel is wielding a whip of freezing.
Pikel shouts!
You hear a shout!
Found 7 gold pieces.
Casting: Sandblast (safe; 3% risk of failure)
Confirm with . or Enter, or press ? or * to list all spells.
Aiming: Sandblast (safe; 3% risk of failure)
Press: ? - help, Shift-Dir - straight line, f/p - worker ant
Aim: a worker ant (lightly wounded)
The blast of sand hits the worker ant.
The worker ant is moderately wounded.
b - 109 stones The slave shouts!
You hear a shout!
A slave comes into view.
A slave comes into view.
The slave shouts!
A slave comes into view.
An orc comes into view. It is wielding a club.
The slave moves out of view.
Found 17 arrows.
The orc shouts!
The centaur skeleton hits you!
* * * LOW HITPOINT WARNING * * *
Found a runed door.
Pikel completely misses you. The slave hits you.
You die...

oZ.## .......# ####....
....... #....... #.....#
...... #.o...# .....
#.(...# #... #.....#
########..# +##.....#
#......)... .p....p@#
#.†........ .. #..
....ppK.######.........#
.##...
#..$..Z..a..)..[.[.....#
.....
##############...)....##
.... #........# ..#
#.....<..# ..#
########## ..# .#


You could see Pikel, 4 slaves, an orc and a centaur skeleton.

Vanquished Creatures
  A hound (D:4)
  An orc wizard (D:4)
  2 adders
  An ooze (D:2)
  A worm (D:2)
  4 dart slugs (D:3)
  A leopard gecko (D:2)
  4 orcs (D:4)
  2 ball pythons (D:3)
  2 giant cockroaches
  4 goblins
  2 hobgoblins (D:2)
  A quokka (D:3)
  4 bats
  2 frilled lizards
  A kobold (D:2)
  A quokka skeleton (D:4)
  3 rats (D:2)
37 creatures vanquished.

Notes
Turn   | Place    | Note
-------+----------+-------------------------------------------
     0 | D:1      | Amnesiac the Spriggan Earth Elementalist began the quest for the Orb.
     0 | D:1      | Reached XP level 1. HP: 9/9 MP: 5/5
    47 | D:1      | Reached skill level 1 in Short Blades
    98 | D:2      | Reached XP level 2. HP: 13/13 MP: 6/6
   102 | D:2      | Learned a level 2 spell: Passwall
   383 | D:2      | Reached XP level 3. HP: 15/16 MP: 5/8
   730 | D:3      | Noticed Terence
   866 | D:3      | Noticed Jessica
   991 | D:4      | Reached XP level 4. HP: 9/21 MP: 2/10
  1001 | D:4      | Learned a level 4 spell: Petrify
  1163 | D:4      | Noticed Pikel
  1163 | D:4      | Noticed a slave
  1164 | D:4      | Noticed a slave
  1165 | D:4      | Noticed a slave
  1166 | D:4      | Noticed a slave
  1167 | D:4      | Found a runed door.
  1168 | D:4      | Slain by a slave

Vault maps used:
D:1:      zelgadis_glass_arrival_small
D:2:      nicolae_gozag_seed_capital
D:3:      kennysheep_slugbush, first_ration, ebering_ghost_reflecting_pool,
          tso_metal_star, uniq_jessica, uniq_sigmund, uniq_terence
D:4:      ebering_ghost_inner_flame, uniq_pikel

Skill      XL: |  1  2  3 |
---------------+----------+-----
Short Blades   | 1 |  1.0
Earth Magic    | 3 |  3.8
Spellcasting   | 3 |  3.6
Transmutations | 2 3 |  3.7
Dodging        | |  3.0
Stealth        | |  3.0

Action                   |  1- 3 |  4- 6 || total
-------------------------+-------+-------++-------
Melee: Dagger            |    33 |       ||    33
 Cast: Sandblast         |    37 |    14 ||    51
       Passwall          |     5 |       ||     5
 Stab: Sleeping          |    11 |       ||    11
       Distracted        |     2 |       ||     2
Armor: Robe              |     1 |       ||     1
Dodge: Dodged            |    42 |     6 ||    48

Table legend:
 A = Spawn XP
 B = Non-spawn XP
 C = Spawn XP percentage of total XP
 D = Spawn monster count
 E = Non-spawn monster count
 F = Spawn count percentage of total count
 G = Total turns spent on level
                    A         B        C        D         E        F      G
               +---------+---------+-------+---------+---------+-------+---------
         Total |       0 |     181 |   0.0 |       0 |      37 |   0.0 |  1168
               +---------+---------+-------+---------+---------+-------+---------
           D:1 |       0 |       5 |   0.0 |       0 |       3 |   0.0 |   109
           D:2 |       0 |      43 |   0.0 |       0 |      14 |   0.0 |   439
           D:3 |       0 |      27 |   0.0 |       0 |      11 |   0.0 |   321
           D:4 |       0 |     106 |   0.0 |       0 |       9 |   0.0 |   299
               +---------+---------+-------+---------+---------+-------+---------
